 Dungeon Crawl Stone Soup version 0.30.0-29-ga12c61a403 (webtiles) character file.

Game seed: 5438278429530483227

31 cdecastro the Grave Robber (level 3, -2/25 HPs)
             Began as a Gnoll Wanderer on June 23, 2023.
             Slain by a gnoll
             ... wielding a +0 spear
              (8 damage)
             ... on level 2 of the Dungeon.
             The game lasted 00:02:55 (963 turns).

cdecastro the Grave Robber (Gnoll Wanderer)          Turns: 963, Time: 00:02:57

Health: -2/25      AC:  3    Str:  9    XL:     3   Next: 22%
Magic:  9/9        EV: 13    Int: 16    God:
Gold:   42         SH:  0    Dex: 10    Spells: 7/12 levels left

rFire   . . .        g - +0 whip (elec)
rCold   . . .        (no shield)
rNeg    . . .        c - +0 robe
rPois   .            (no helmet)
rElec   .            (no cloak)
rCorr   .            (no gloves)
SInv    .            d - +0 pair of boots
Will    +....        (no amulet)
Stlth   +            e - ring of willpower
HPRegen 0.24/turn    (no ring)
MPRegen 0.11/turn

%: no passive effects
@: no status effects
A: fangs 1, strong nose, distributed training
a: no special abilities


You were on level 2 of the Dungeon.
You visited 1 branch of the dungeon, and saw 2 of its levels.

You collected 42 gold pieces.

Inventory:

Hand Weapons
 a - a +0 dagger
 g - a +0 whip of electrocution (weapon)
Armour
 c - a +0 robe (worn)
 d - a +0 pair of boots (worn)
Jewellery
 e - a ring of willpower (left hand)
Scrolls
 b - 2 scrolls of fear
 f - a scroll of fog {unknown}
 h - 3 scrolls of identify {unknown}
 j - a scroll of teleportation {unknown}
 m - a scroll of blinking {unknown}
 o - a scroll of magic mapping {unknown}
Potions
 i - 2 potions of attraction {unknown}
 k - a potion of magic {unknown}
 l - a potion of invisibility {unknown}
 n - a potion of might {unknown}


   Skills:
 + Level 0.7 Fighting
 + Level 0.7 Short Blades
 + Level 0.7 Long Blades
 + Level 0.7 Axes
 + Level 0.7 Maces & Flails
 + Level 0.7 Polearms
 + Level 0.7 Staves
 + Level 0.7 Ranged Weapons
 + Level 0.7 Throwing
 + Level 0.7 Armour
 + Level 6.5 Dodging
 + Level 0.7 Stealth
 + Level 0.7 Shields
 + Level 0.7 Unarmed Combat
 + Level 5.0 Spellcasting
 + Level 0.5 Conjurations
 + Level 0.5 Hexes
 + Level 0.5 Summonings
 + Level 7.1 Necromancy
 + Level 0.5 Translocations
 + Level 0.5 Transmutations
 + Level 2.1 Fire Magic
 + Level 0.5 Ice Magic
 + Level 0.5 Air Magic
 + Level 0.5 Earth Magic
 + Level 0.5 Poison Magic
 + Level 0.9 Invocations
 + Level 0.7 Evocations


You had 7 spell levels left.
You knew the following spells:

 Your Spells              Type           Power      Damage    Failure   Level
a - Necrotise             Necr           100%       1d9       1%          1
b - Kiss of Death         Conj/Necr      64%        2d10      3%          1
c - Vampiric Draining     Necr           26%        2d7       2%          3

Your spell library contained the following spells:

 Spells                   Type           Power      Damage    Failure   Level
 Foxfire                  Conj/Fire      32%        2x1d5     9%          1
 Inner Flame              Hex/Fire       8%         N/A       26%         3


Dungeon Overview and Level Annotations

Branches:
Dungeon (2/15)

Altars:


Innate Abilities, Weirdness & Mutations

You have very sharp teeth.
Your uncanny sense of smell can sniff out nearby items.
Your experience applies equally to all skills.


Message History

You see here a +0 whip.
h - 3 scrolls labelled GIMERPH VIGU (gained 1)
A ball python comes into view.
A ball python is nearby!
A ball python is nearby!
You hit the ball python.
You kill the ball python!
You see here a ball python corpse.
n - a green potion
o - a scroll labelled URUONELL RAMAO
i - 2 puce potions (gained 1)
Found a stone staircase leading down.
Found a scale mail.
Found 5 stones.
Found an escape hatch in the floor.
Found a stone staircase leading down.
A gnoll comes into view. It is wielding a +0 spear.
A gnoll is nearby!
A gnoll is nearby!
A gnoll is nearby!
The gnoll shouts!
A gnoll comes into view. It is wielding a +0 spear.
A gnoll comes into view. It is wielding a +0 club.
The gnoll hits you from afar with a +0 spear.
There is a shaft here.
The gnoll shouts!
The gnoll completely misses you. The gnoll closely misses you.
You closely miss the gnoll.
The gnoll hits you from afar with a +0 spear!
The gnoll closely misses you.
You hit the gnoll.
The gnoll is moderately wounded.
The gnoll barely misses you. The gnoll closely misses you.
You barely miss the gnoll.
The gnoll is moderately wounded.
The gnoll hits you from afar with a +0 spear.
The gnoll hits you with a +0 spear!
* * * LOW HITPOINT WARNING * * *
The gnoll hits you with a +0 spear!
You die...

########
#....>.#######
#.#....^@ggg.#
#.#.##..####.#
#.#.##...#
#########.#.#.....#
.......##........##
#......##..##
#..#.####..#
#####..#># #..#
#......#.#


You could see 3 gnolls.

Vanquished Creatures
  2 dart slugs (D:1)
  3 ball pythons
  An endoplasm (D:1)
  3 giant cockroaches
  4 goblins (D:1)
  2 hobgoblins (D:1)
  A jackal (D:2)
  2 kobolds (D:1)
  A quokka (D:2)
  2 bats (D:1)
  4 rats
25 creatures vanquished.

Notes
Turn   | Place    | Note
-------+----------+-------------------------------------------
     0 | D:1      | cdecastro the Gnoll Wanderer began the quest for the Orb.
     0 | D:1      | cdecastro set off with the following items: a +0 dagger, a
                  | scroll of fear, a +0 robe, a +0 pair of boots; and the
                  | following spells available to memorise: Necrotise, Vampiric
                  | Draining, Kiss of Death, Foxfire, Inner Flame.
     0 | D:1      | Reached XP level 1. HP: 13/13 MP: 6/6
     2 | D:1      | Learned a level 1 spell: Necrotise
     4 | D:1      | Learned a level 1 spell: Kiss of Death
   177 | D:1      | Reached XP level 2. HP: 19/19 MP: 5/7
   420 | D:1      | Reached skill level 5 in Spellcasting
   420 | D:1      | Reached XP level 3. HP: 5/23 MP: 7/9
   765 | D:1      | Learned a level 3 spell: Vampiric Draining
   963 | D:2      | Slain by a gnoll

Illustrated notes

Levels and vault maps discovered:
D:1:      matt_arrival_spirals, layout_rooms, serial_bayou_pond_d
D:2:      layout_loops_corners, hex_medium, minmay_split_cup_small

Skill      XL: |  1  2 |
---------------+-------+-----
Fire Magic     | 2 |  2.1
Spellcasting   | 5 |  5.0
Fighting       | |  0.7
Short Blades   | |  0.7
Long Blades    | |  0.7
Axes           | |  0.7
Maces & Flails | |  0.7
Polearms       | |  0.7
Staves         | |  0.7
Ranged Weapons | |  0.7
Throwing       | |  0.7
Armour         | |  0.7
Dodging        | |  6.5
Stealth        | |  0.7
Shields        | |  0.7
Unarmed Combat | |  0.7
Conjurations   | |  0.5
Hexes          | |  0.5
Summonings     | |  0.5
Necromancy     | |  7.1
Translocations | |  0.5
Transmutations | |  0.5
Ice Magic      | |  0.5
Air Magic      | |  0.5
Earth Magic    | |  0.5
Poison Magic   | |  0.5
Invocations    | |  0.9
Evocations     | |  0.7

Action                     || total
---------------------------++-------
  Melee: Dagger            ||     3
         Whip              ||    74
         Bite              ||     7
         Punch             ||     2
   Cast: Necrotise         ||    10
         Kiss of Death     ||     1
         Vampiric Draining ||     1
 Armour: Robe              ||    28
  Dodge: Dodged            ||    84
